 Dungeon Crawl Stone Soup version 0.20.1-1-g8b1a95d (webtiles) character file.

221 equalderp2856 the Shield-Bearer (level 5, -3/47 HPs)
             Began as a Minotaur Fighter on July 23, 2017.
             Slain by Sigmund
             ... wielding a +0 scythe
              (8 damage)
             ... on level 3 of the Dungeon.
             The game lasted 00:04:50 (1708 turns).

equalderp2856 the Shield-Bearer (Minotaur Fighter)  Turns: 1708, Time: 00:04:50

Health: -3/47      AC: 10    Str: 20    XL:     5   Next: 65%
Magic:  4/4        EV:  6    Int:  5    God:
Gold:   77         SH: 14    Dex: 11    Spells: 4/4 levels left

rFire    . . .     SeeInvis .   a - +0 war axe
rCold    . . .     Gourm    .   c - +0 shield
rNeg     . . .     Faith    .   y - +0 chain mail
rPois    +         Spirit   .   (helmet unavailable)
rElec    .         Reflect  +   (no cloak)
rCorr    .         Harm     .   (no gloves)
MR       .....                  z - +0 pair of boots
Stlth    ..........             i - +4 amulet of reflection
Regen    0.2/turn               (no ring)
MPRegen  0.1/turn               (no ring)

@: no status effects
A: retaliatory headbutt, horns 3, poison resistance
a: no special abilities


You were on level 3 of the Dungeon.
You were not hungry.

You visited 1 branch of the dungeon, and saw 3 of its levels.

You collected 77 gold pieces.

Inventory:

Hand Weapons
 a - a +0 war axe (weapon)
 l - a +0 dagger
 m - a +0 hunting sling
Missiles
 e - 77 arrows
 k - 51 stones (quivered)
 v - 7 tomahawks
 x - 2 throwing nets
Armour
 b - a +0 scale mail
 c - a +0 shield (worn)
 n - a +0 robe
 y - a +0 chain mail (worn)
 z - a +0 pair of boots (worn)
Jewellery
 i - a +4 amulet of reflection (around neck)
Scrolls
 p - a scroll of fog {unknown}
 r - a scroll of amnesia {unknown}
 t - a scroll of identify {unknown}
 w - a scroll of teleportation {unknown}
 A - a scroll of magic mapping {unknown}
 C - a scroll of remove curse {unknown}
Potions
 d - a potion of might
 g - a potion of curing
 h - a potion of mutation
 j - a potion of agility {unknown}
 q - a potion of degeneration {unknown}
 s - a potion of haste {unknown}
 u - a potion of heal wounds {unknown}
Comestibles
 f - 2 bread rations
 o - 2 meat rations
 B - 2 chunks of flesh


   Skills:
 + Level 4.7 Fighting
 + Level 4.2 Axes
 + Level 4.4 Armour
 + Level 1.0 Dodging
 + Level 0.1 Stealth
 + Level 5.2 Shields


You had 4 spell levels left.
You didn't know any spells.

Dungeon Overview and Level Annotations

Branches:
Dungeon (3/15)

Altars:
Ashenzari
Hepliaklqana
Okawaru
Uskayaw
Xom
Zin
The Shining One

Annotations:
D:3 Sigmund


Innate Abilities, Weirdness & Mutations

You reflexively headbutt those who attack you in melee.
You have a pair of large horns on your head.
Your system is resistant to poisons. (rPois)


Message History

You are confused.
It was a potion of mutation.
You feel extremely strange. The horns on your head grow some more.
You feel resistant to poisons. Something hits you.
* * * LOW HITPOINT WARNING * * *
Something hits you but does no damage. Something hits you.
* * * LOW HITPOINT WARNING * * *
Something hits you.
* * * LOW HITPOINT WARNING * * *
You feel less confused. Something hits you.
* * * LOW HITPOINT WARNING * * *
You block something's attack. Something hits you but does no damage.
You block something's attack. You block something's attack.
Something hits you but does no damage. Something hits you!
You die...

#............##.)...
#...................
#.........##.....##.
#.....#..........##.
#.....#######....###
###...## ##...#
#!...# #...###
#.#...# .......
#@#.#.# #. #{..#(#
... ##..... ...
#.#.... ... .# #.#
#. .# # #


There were no monsters in sight!

Vanquished Creatures
  The ghost of vineage the Skirmisher, an amateur DsAK of Lugonu (D:3)
  4 gnolls (D:3)
  3 adders
  2 oozes
  A worm (D:3)
  4 leopard geckos
  5 bats
  3 giant cockroaches (D:1)
  8 goblins
  6 hobgoblins
  4 jackals (D:1)
  4 kobolds
  A quokka (D:2)
  A ball python (D:2)
  6 frilled lizards
  5 rats
58 creatures vanquished.

Notes
Turn   | Place    | Note
-------+----------+-------------------------------------------
     0 | D:1      | equalderp2856 the Minotaur Fighter began the quest for the Orb.
     0 | D:1      | Reached XP level 1. HP: 19/19 MP: 0/0
   122 | D:1      | Reached XP level 2. HP: 22/27 MP: 1/1
   239 | D:1      | Reached skill level 4 in Shields
   341 | D:1      | Reached XP level 3. HP: 31/34 MP: 2/2
   933 | D:2      | Found a hazy altar of Hepliaklqana.
  1033 | D:2      | Reached XP level 4. HP: 28/41 MP: 3/3
  1381 | D:2      | Found an iron altar of Okawaru.
  1382 | D:2      | Found a hide-covered altar of Uskayaw.
  1393 | D:2      | Found a glowing silver altar of Zin.
  1394 | D:2      | Found a glowing golden altar of the Shining One.
  1397 | D:2      | Found a shimmering altar of Xom.
  1518 | D:3      | Found a shattered altar of Ashenzari.
  1597 | D:3      | Noticed vineage's ghost (amateur DsAK)
  1608 | D:3      | Killed vineage's ghost
  1608 | D:3      | Reached skill level 1 in Dodging
  1608 | D:3      | Reached skill level 5 in Shields
  1608 | D:3      | Reached XP level 5. HP: 42/47 MP: 4/4
  1677 | D:3      | Noticed Sigmund
  1693 | D:3      | Gained mutation: You have a pair of large horns on your head. [potion of mutation]
  1693 | D:3      | Gained mutation: Your system is resistant to poisons. (rPois) [potion of mutation]
  1708 | D:3      | Slain by Sigmund

Skill      XL: |  1  2  3  4  5 |
---------------+----------------+-----
Fighting       | 4 |  4.7
Shields        | 4 5 |  5.2
Armour         | 4 |  4.4
Axes           | 3 4 |  4.2
Dodging        | 1 |  1.0
Stealth        | |  0.1

Action                   |  1- 3 |  4- 6 || total
-------------------------+-------+-------++-------
Melee: War axe           |    94 |    46 ||   140
       Headbutt          |    14 |    10 ||    24
  Use: Potion            |       |     2 ||     2
  Eat: Chunk             |       |     3 ||     3
Armor: Scale mail        |    51 |     3 ||    54
       Chain mail        |       |    13 ||    13
Dodge: Dodged            |    32 |    14 ||    46
Block: Shield            |    80 |    48 ||   128
       Reflection        |     2 |     3 ||     5
